AoeStats
← IdliDosa

Arena

508898227Analyzed
4v4 RM · 7d ago on Sep 24, 2026· 50m 35s· 8 players
Game mode
Random Map
Map size
Large (8 player)
Population
200
Speed
Normal
Resources
Standard
Victory
Conquest
Starting age
Dark Age
Ending age
Imperial Age
RankedLock teamsTeams togetherTeam positionsShared explorationLock speedFull tech treeHidden civsTurbo modeCheats
Victory
Defeat
🇺🇸 Danes · United States
1302
+13
🇨🇳 Hindustanis · China
1289
+14
🇨🇳 Mongols · China
1260
+15
🇹🇼 Spanish · Taiwan
1252
+15
🇨🇳 Magyars · China
1287
-16
🇮🇳 Shu · India
1226
-14
🇨🇳 Portuguese · China
1224
-14
🇩🇪 Koreans · Germany
1215
-13
Cattiva
11:26 Feudal Age
10:13 Loom
15:00 Castle Age
13:12 Double-Bit Axe
13:10 Horse Collar
15:59 Bow Saw
15:51 Heavy Plow
23:07 Wheelbarrow
22:32 Gold Mining
24:03 Hand Cart
24:46 Stone Mining
28:15 Imperial Age
26:24 Town Watch
26:32 Stone Mining
27:51 Scale Barding Armor
28:06 Fortified Wall
28:12 Bloodlines
28:03 Husbandry
28:52 Chain Barding Armor
28:45 Forging
28:44 Town Patrol
28:30 Cavalier
28:41 Cavalier
30:28 Plate Barding Armor
30:29 Iron Casting
31:22 Chemistry
30:42 Ballistics
30:33 Masonry
32:53 Blast Furnace
31:46 Fletching
33:23 Two-Man Saw
31:50 Pikeman
32:33 Paladin
33:46 Conscription
33:24 Light Cavalry
34:37 Bodkin Arrow
35:08 Supremacy
34:27 Hussar
35:23 Murder Holes
40:58 Stone Shaft Mining
40:08 Capped Ram
41:37 Architecture
41:29 Bombard Tower
41:16 Devotion
43:12 Hoardings
44:11 Bracer
44:13 Caravan
48:04 Siege Ram
MoTzu
9:54 Feudal Age
13:38 Castle Age
11:40 Double-Bit Axe
11:55 Horse Collar
13:15 Loom
13:48 Gold Mining
20:41 Bow Saw
20:42 Stone Mining
22:27 Heavy Plow
25:22 Wheelbarrow
24:32 Town Watch
27:22 Stone Shaft Mining
27:23 Gold Shaft Mining
30:53 Imperial Age
28:19 Pikeman
29:00 Squires
29:04 Scale Mail Armor
30:48 Chain Mail Armor
30:44 Forging
30:55 Halberdier
31:47 Siege Engineers
32:55 Hand Cart
32:05 Onager
33:55 Iron Casting
34:50 Hand Cart
34:57 Ballistics
35:59 Arson
36:14 Elite Varangian Guard
37:26 Plate Mail Armor
37:22 Conscription
37:11 Hamask
39:46 Blast Furnace
44:39 Masonry
45:40 Chemistry
44:36 Fletching
44:10 Northmen's Fury
45:13 Gambesons
47:29 Halberdier
LSHX
9:55 Feudal Age
14:44 Castle Age
12:32 Double-Bit Axe
15:49 Bow Saw
16:38 Horse Collar
18:35 Gold Mining
19:11 Heavy Plow
20:49 Gold Shaft Mining
25:31 Imperial Age
23:19 Fletching
23:30 Padded Archer Armor
24:45 Wheelbarrow
25:17 Bodkin Arrow
25:38 Leather Archer Armor
27:48 Thumb Ring
28:33 Bracer
30:35 Ring Archer Armor
32:49 Conscription
35:45 Ballistics
36:52 Chemistry
35:40 Loom
36:11 Hand Cart
35:34 Heavy Cavalry Archer
39:16 Two-Man Saw
40:10 Stone Mining
40:37 Siege Engineers
HungrySimba
10:14 Feudal Age
13:54 Castle Age
11:38 Horse Collar
13:12 Double-Bit Axe
19:25 Town Watch
19:25 Loom
20:19 Wheelbarrow
24:31 Hand Cart
25:22 Gold Mining
28:29 Imperial Age
26:32 Bow Saw
26:23 Heavy Plow
27:05 Scale Barding Armor
27:10 Forging
27:58 Town Watch
28:51 Bloodlines
28:41 Husbandry
29:15 Chain Barding Armor
29:30 Iron Casting
28:55 Elite Steppe Lancer
32:11 Conscription
34:52 Blast Furnace
34:21 Drill
40:12 Capped Ram
41:15 Fletching
41:48 Ballistics
41:39 Masonry
42:30 Chemistry
41:14 Siege Ram
48:06 Coinage
47:50 Caravan
49:23 Siege Engineers
IdliDosa
11:42 Feudal Age
15:26 Castle Age
14:04 Double-Bit Axe
14:00 Horse Collar
14:58 Fletching
16:19 Bodkin Arrow
16:10 Loom
18:27 Crossbowman
24:29 Wheelbarrow
24:41 Padded Archer Armor
25:21 Ballistics
25:09 Gold Mining
26:47 Thumb Ring
27:00 Leather Archer Armor
34:22 Imperial Age
33:44 Gold Shaft Mining
33:00 Stone Mining
34:04 Hand Cart
33:35 Town Watch
35:09 Bracer
36:43 Chemistry
35:29 Arbalester
4♚Dreams
11:36 Feudal Age
12:14 Double-Bit Axe
12:12 Horse Collar
18:43 Castle Age
17:11 Loom
24:19 Heavy Plow
24:34 Bow Saw
25:16 Wheelbarrow
27:52 Gold Mining
28:11 Stone Mining
28:38 Hand Cart
29:34 Forging
30:04 Gold Shaft Mining
30:14 Stone Shaft Mining
30:21 Scale Barding Armor
30:08 Fletching
30:40 Ballistics
30:30 Fortified Wall
31:10 Iron Casting
30:39 Pikeman
31:20 Squires
31:43 Bodkin Arrow
32:09 Chain Barding Armor
31:43 Heated Shot
31:42 Arson
31:49 Town Watch
32:32 Scale Mail Armor
35:40 Imperial Age
34:05 Chain Mail Armor
35:58 Halberdier
37:16 Plate Mail Armor
37:48 Chemistry
36:50 Bracer
37:19 Conscription
36:23 Elite War Wagon
42:07 Two-Man Saw
47:50 Elite Skirmisher
萱你在吗
11:03 Feudal Age
11:52 Double-Bit Axe
14:53 Castle Age
13:00 Horse Collar
15:48 Bow Saw
21:53 Fletching
21:59 Gold Mining
22:27 Heavy Plow
23:58 Scale Barding Armor
25:00 Stone Mining
25:46 Gold Shaft Mining
28:06 Wheelbarrow
27:50 Loom
30:47 Imperial Age
28:40 Bodkin Arrow
28:45 Padded Archer Armor
28:43 Pikeman
29:09 Arson
29:26 Scale Mail Armor
30:22 Corvinian Army
31:30 Chain Mail Armor
31:58 Thumb Ring
31:56 Bracer
32:32 Leather Archer Armor
32:58 Conscription
32:53 Halberdier
34:07 Ring Archer Armor
33:59 Chain Barding Armor
35:39 Ring Archer Armor
34:43 Elite Skirmisher
36:00 Plate Barding Armor
我很牛逼
11:02 Feudal Age
11:02 Loom
15:14 Castle Age
13:37 Double-Bit Axe
13:43 Horse Collar
18:56 Heavy Plow
19:33 Bow Saw
25:15 Padded Archer Armor
25:06 Fletching
27:49 Bodkin Arrow
28:09 Leather Archer Armor
27:55 Scale Mail Armor
28:25 Gold Mining
28:25 Stone Mining
29:35 Scale Mail Armor
29:45 Forging
30:41 Pikeman
31:07 Arson
31:08 Gambesons
34:49 Imperial Age
32:55 Wheelbarrow
32:43 Chain Mail Armor
33:03 Iron Casting
32:43 Chain Mail Armor
33:03 Iron Casting
33:14 Iron Casting
34:23 Stone Mining
35:52 Conscription
35:32 Arquebus
34:58 Halberdier
36:21 Plate Mail Armor
38:48 Chemistry
39:29 Bombard Tower
43:18 Fortified Wall
43:04 Murder Holes
43:20 Masonry
45:55 Blast Furnace
Connection lost

Rejoining the realm…

Still unreachable

The connection could not be restored.

Session expired

The server has moved on; the page needs a fresh start.